Unix NetHack Version 5.0.0-0 post-release - last build May 17 2026 04:57:42 (dc50c8380fa5e20985bfe3072449f57b8d9895ef,branch:main).

Game began 2026-05-18 14:12:18, ended 2026-05-18 14:21:39.

Drastanta, lawful male human Samurai

                                                    ---
                                                   --.--  ---
                                                ----........---
                                               -...............
                                              .......).......--
                                              .*.-----..--...--
                                               |.|   ---|...(..
                                               |.| -----|-.....
                                               |.---.|.--......
                                              --.)..........)..
                                              |................
                                             --.............|.
                                             |.---........
                                             --.G.|.......|
                                              ---.|-.|....|
                                                |%|----.---
                                              ---.|   ---
                                              |...---
                                              --....|
                                               ---.--
                                                 ---
Drastanta the Ronin    St:17 Dx:15 Co:18 In:9 Wi:9 Ch:7  Lawful
Dlvl:4  $:9  HP:0(40) Pw:19(19) AC:4  Xp:4 T:907 

Latest messages:
 You miss the gnome king.
 The gnome king swings his bow.
 The gnome king hits!
 You kill the gnome king!
 It misses the gecko.
 You kill the gecko!
 You see here a scroll labeled PRIRUTSENIE.
 t - a scroll labeled PRIRUTSENIE.
 You hit the gnome lord!
 The gnome lord swings his aklys.
 The gnome lord misses!
 You miss the gnome lord.
 The gnome lord swings his aklys.
 The gnome lord hits!
 You kill the gnome lord!
 Welcome to experience level 4.
 There is a gnome lord corpse here; eat it? [ynq] (n) y
 This gnome lord corpse tastes okay.
 You stop eating the gnome lord corpse.
 Hachi misses the gnome.
 The gnome misses!
 It bites the gnome.
 The gnome misses it.
 Hachi misses the gnome.
 The gnome hits!
 Hachi bites the gnome.
 The gnome is killed!
 Hachi eats a partly eaten gnome lord corpse.
 You hear some noises in the distance.
 You kill the acid blob!
 You are splashed by the acid blob's acid!
 You swap places with Hachi.
 u - a copper wand.
 The gnome wields an aklys!
 The gnome secures the tether on the aklys.
 The aklys welds itself to the gnome's hand!
 The gnome swings her aklys.
 The gnome hits!
 The gnome hits!
 You hit the gnome.
 The gnome swings her aklys.
 The gnome hits!
 The gnome misses!
 What do you want to zap? [fpu or ?*] ?
 In what direction? 4
 You kill the gnome!
 The bolt of cold hits you!
 You die...
 Do you want your possessions identified? [ynq] (y) y
 Do you want to see your attributes? [ynq] (y) q

Inventory:
 Coins    ('$')
  $ - 9 gold pieces
 Weapons  (')')
  d - 45 +0 ya (in quiver)
  c - a +0 yumi (alternate weapon; not wielded)
  r - a +0 orcish dagger
  a - a +0 katana (weapon in right hand)
  b - a +0 wakizashi
 Armor    ('[')
  e - an uncursed rustproof +0 splint mail (being worn)
 Comestibles  ('%')
  k - an uncursed fortune cookie
  n - an uncursed gunyoki
  i - an uncursed lembas wafer
 Scrolls  ('?')
  t - an uncursed scroll of confuse monster
  s - an uncursed scroll of food detection
  m - 2 uncursed scrolls of identify
 Spellbooks  ('+')
  l - an uncursed spellbook of haste self
 Potions  ('!')
  q - an uncursed potion of fruit juice
 Rings    ('=')
  g - an uncursed -2 ring of increase damage
 Wands    ('/')
  u - a wand of cold (0:5)
  f - a wand of digging (0:7)
  p - a wand of locking (0:4)
 Tools    ('(')
  h - an uncursed magic whistle
  j - a cursed partly used tallow candle (lit)
 Gems/Stones  ('*')
  o - 3 uncursed rocks

Drastanta the Samurai's attributes:

Background:
 You were a Ronin, a level 4 male human Samurai.
 You were lawful, on a mission for Amaterasu Omikami
 who was opposed by Raijin (neutral) and Susanowo (chaotic).
 You were right-handed.
 You were in the Gnomish Mines, on level 4.
 You entered the dungeon 907 turns ago.
 There was a new moon in effect when your adventure ended.
 You had 100 experience points, 60 more were needed to attain level 5.

Basics:
 You had 0 out of 40 hit points.
 You had all 19 energy points (spell power).
 Your armor class was 4.
 Your wallet contained 9 zorkmids.
 Autopickup was off.

Final Characteristics:
 Your strength was 17 (limit:18/100).
 Your dexterity was 15 (limit:18).
 Your constitution was 18 (limit:18).
 Your intelligence was 9 (limit:18).
 Your wisdom was 9 (limit:18).
 Your charisma was 7 (limit:18).

Final Status:
 You weren't hungry.
 You were unencumbered.
 You were wielding a long sword.
 You had basic skill with long sword.

Final Attributes:
 You were devoutly aligned.
 You were warded.
 You were fast.
 You are dead.

Miscellaneous:
 You encountered 1 bones level.
 Total elapsed playing time was 9 minutes and 21 seconds.

Major events:
 Turn
    1: Drastanta the lawful male human Samurai entered the dungeon
  787: entered the Gnomish Mines
  817: attained the rank of Ronin (level 3)
  907: killed by a bolt of cold zapped by himself

You didn't know any spells.

Skills:
 Fighting Skills
   martial arts      [Basic]
   two weapon combat [Unskilled]
   riding            [Unskilled]
 Weapon Skills
   dagger            [Unskilled]
   knife             [Unskilled]
   short sword       [Basic]
   broadsword        [Unskilled]
   long sword        [Basic]
   two-handed sword  [Unskilled]
   saber             [Unskilled]
   flail             [Unskilled]
   quarterstaff      [Unskilled]
   polearms          [Unskilled]
   spear             [Unskilled]
   lance             [Unskilled]
   bow               [Basic]
   shuriken          [Unskilled]
 Spellcasting Skills
   attack spells     [Unskilled]
   divination spells [Unskilled]
   clerical spells   [Unskilled]

Voluntary challenges:
 Character rerolling was not enabled.
 You were illiterate.
 You never genocided any monsters.
 You never polymorphed an object.
 You never changed form.
 You used no wishes.
Achievements:
 You entered a shop.
 You entered the Gnomish Mines.
 You attained the rank of Ronin.

 The Dungeons of Doom: levels 1 to 3
    Level 1:
       Some fountains, a grave.
    Level 2:
       A general store, some fountains, a sink.
       Stairs down to The Gnomish Mines.
    Level 3:
 The Gnomish Mines: levels 3 to 4
    Level 3:
       Final resting place for
          ArrBianca-Arc-Dwa-Fem-Law, killed by a coyote.
    Level 4: <- You were here.
       Final resting place for
          you, killed by a bolt of cold zapped by yourself.


Vanquished creatures:
  a gnome ruler
  a gnome leader
 an acid blob
  6 gnomes
  a gecko
  2 jackals
  a kobold
  a goblin
  a grid bug
  2 lichens
  a kobold zombie
  a newt
19 creatures vanquished.

No species were genocided or became extinct.

Game over:
                       ----------
                      /          \
                     /    REST    \
                    /      IN      \
                   /     PEACE      \
                  /                  \
                  |    Drastanta     |
                  |       9 Au       |
                  | killed by a bolt |
                  |  of cold zapped  |
                  |    by himself    |
                  |                  |
                  |       2026       |
                 *|     *  *  *      | *
        _________)/\\_//(\/(/\)/\//\/|_)_______

Sayonara Drastanta the Samurai...

You died in The Gnomish Mines on dungeon level 4 with 559 points,
and 9 pieces of gold, after 907 moves.
You were level 4 with a maximum of 40 hit points when you died.

